 Dungeon Crawl Stone Soup version 0.30-a0-757-ga6a79fd877 (webtiles) character file.

Game seed: 3900779792600023501

94 sokol815 the Shooter (level 4, -1/26 HPs)
             Began as a Kobold Hunter on Feb 10, 2023.
             Slain by an orc priest
             ... wielding a +0 mace
              (3 damage)
             ... on level 3 of the Dungeon.
             The game lasted 00:02:49 (1832 turns).

sokol815 the Shooter (Kobold Hunter)                Turns: 1832, Time: 00:02:50

Health: -1/26      AC:  3    Str:  8    XL:     4   Next: 94%
Magic:  4/4        EV: 15    Int: 10    God:
Gold:   81         SH:  0    Dex: 26    Spells: 3/3 levels left

rFire   . . .      SeeInvis .    a - +0 shortbow
rCold   . . .      Faith    .    (shield currently unavailable)
rNeg    . . .      Spirit   .    c - +0 leather armour
rPois   .          Reflect  .    (no helmet)
rElec   .          Harm     .    (no cloak)
rCorr   .          Rampage  .    (no gloves)
Will    .....                    (no boots)
Stlth   +++                      (no amulet)
HPRegen 0.24/turn                g - +6 ring of dexterity
MPRegen 0.09/turn                (no ring)

@: no status effects
A: small, no large weapons, nightstalker 3
a: no special abilities


You were on level 3 of the Dungeon.
You visited 1 branch of the dungeon, and saw 3 of its levels.

You collected 81 gold pieces.

Inventory:

Hand Weapons
 a - a +0 shortbow (weapon)
 e - a +0 club
   (You took it off a goblin on level 2 of the Dungeon)
Missiles
 h - 3 datura-tipped darts
 s - 17 stones
Armour
 c - a +0 leather armour (worn)
Jewellery
 g - a +6 ring of dexterity (left hand)
   (You found it on level 2 of the Dungeon)
Scrolls
 d - a scroll of fog {unknown}
 i - a scroll of fear {unknown}
 K - 2 scrolls of immolation {!r}
 Y - a scroll of teleportation {@r3}
Potions
 b - a potion of haste {unknown}


   Skills:
 - Level 2.1 Fighting
 + Level 7.8 Ranged Weapons
 - Level 2.4 Dodging
 - Level 1.3 Stealth


You had 3 spell levels left.
You didn't know any spells.
Your spell library contained the following spells:

 Spells                   Type           Power      Damage    Failure   Level
 Tukima's Dance           Hex            0%         N/A       86%         3
 Passage of Golubria      Tloc           0%         N/A       99%         4
 Yara's Violent Unravell  Hex/Tmut       0%         3d3       100%        5


Dungeon Overview and Level Annotations

Branches:
Dungeon (3/15) Zot: 16124

Altars:


Innate Abilities, Weirdness & Mutations

You are small and have problems with some larger weapons.
You are completely attuned to the shadows.


Message History

The adder misses you.
You take 2 damage, and have 20/26 hp.
You shoot an arrow. The arrow hits the adder!
You kill the adder!
You feel sick.
You take 1 damage, and have 19/26 hp.
You feel sick.
You feel sick.
You feel sick.
You feel sick.
You are no longer poisoned.
Found a stone staircase leading up.
Health restored: 26 You pick up Great Wizards, Vol.
VII and begin reading...
You add the spells Tukima's Dance, Passage of Golubria and Yara's Violent Unravelling to your library.
An endoplasm comes into view.
You shoot an arrow. The arrow hits the endoplasm!
You kill the endoplasm!
No target in view!
A quokka comes into view.
You shoot an arrow. The arrow hits the quokka!
You kill the quokka!
No target in view!
A ball python comes into view.
You shoot an arrow. The ball python hisses angrily.
The arrow hits the ball python.
You shoot an arrow.
The arrow barely misses the ball python.
You shoot an arrow. The arrow hits the ball python!
You kill the ball python!
Okay, then.
You see here a ball python corpse.
A worm comes into view.
You shoot an arrow. The arrow hits the worm!
You shoot an arrow. The arrow hits the worm!
You kill the worm!
No target in view!
As you open the door, it creaks loudly!
No target in view!
There is an open door here.
You see here a worm corpse.
Found an escape hatch in the ceiling.
No target in view!
No target in view!
There is an escape hatch in the ceiling here.
An orc comes into view. It is wielding a +0 short sword.
You shoot an arrow. The arrow closely misses the orc.
The orc shouts!
You hear a shout! x2; You hear a bark!
You shoot an arrow. The arrow barely misses the orc.
A jackal comes into view.
You shoot an arrow. The arrow hits the orc.
The orc closely misses you.
An orc comes into view. It is wielding a +0 club.
You shoot an arrow. The arrow hits the orc.
You kill the orc!
The jackal misses you.
You shoot an arrow. The arrow hits the jackal!
You kill the jackal!
An orc comes into view. It is wielding a +0 dagger.
You shoot an arrow. The arrow barely misses the orc.
The orc hits you but does no damage.
You shoot an arrow. The arrow hits the orc.
An orc priest comes into view. It is wielding a +0 mace.
You shoot an arrow. The arrow barely misses the orc.
The orc hits you with a +0 club.
You take 4 damage, and have 22/26 hp.
You shoot an arrow. The arrow hits the orc.
You kill the orc!
The orc misses you.
You shoot an arrow. The arrow barely misses the orc.
The orc barely misses you. The orc hits you with a +0 dagger.
There is a stone staircase leading up here.
You take 2 damage, and have 21/26 hp.
You shoot an arrow. The arrow hits the orc priest.
The orc misses you.
The orc priest calls down the wrath of Beogh upon you.
Pain shoots through your body!
You take 7 damage, and have 14/26 hp.
MASSIVE DAMAGE!!
You shoot an arrow.
The arrow closely misses the orc priest.
The orc priest hits you with a +0 mace. The orc hits you with a +0 dagger.
* * * LOW HITPOINT WARNING * * *
You take 7 damage, and have 7/26 hp.
MASSIVE DAMAGE!!
It was a potion of curing.
You feel better. The orc misses you. The orc priest barely misses you.
You regained 11 hp, and now have 18/26 hp.
You shoot an arrow. The arrow hits the orc priest.
The orc closely misses you. The orc priest hits you with a +0 mace.
A jackal comes into view.
You take 4 damage, and have 14/26 hp.
You shoot an arrow.
The arrow closely misses the orc priest.
The orc priest barely misses you. The orc hits you with a +0 dagger. x2
The orc priest hits you with a +0 mace!
* * * LOW HITPOINT WARNING * * *
You take 12 damage, and have 2/26 hp.
MASSIVE DAMAGE!!
The orc priest hits you with a +0 mace.
You die...

..###..# #..# .#.
##.# ##..# .. #.#
#...# #.###.#
#.#.# #.#...#
#.#.# #.#.###
#.#.# #.#.# #.#.#
#.#.## #.#.#
#.o@.## #.#.#
#.oh..## #.#.#
...)†.....####.#.#
##.#.........†.#.#
.................#
######.########..#
#. #..# #..# #...


You could see an orc priest, an orc and a jackal.

Vanquished Creatures
  2 adders
  2 worms
  A dart slug (D:2)
  3 orcs
  5 ball pythons
  8 bats
  6 endoplasms
  3 giant cockroaches
  7 goblins
  8 hobgoblins
  3 jackals
  3 kobolds
  2 quokkas
  3 frilled lizards
  4 rats (D:1)
60 creatures vanquished.

Notes
Turn   | Place    | Note
-------+----------+-------------------------------------------
     0 | D:1      | sokol815 the Kobold Hunter began the quest for the Orb.
     0 | D:1      | Reached XP level 1. HP: 12/12 MP: 1/1
   109 | D:1      | Reached XP level 2. HP: 17/17 MP: 2/2
   157 | D:1      | Reached skill level 6 in Ranged Weapons
   235 | D:1      | Reached XP level 3. HP: 12/21 MP: 3/3
   725 | D:2      | Reached skill level 7 in Ranged Weapons
   725 | D:2      | Reached XP level 4. HP: 26/26 MP: 4/4
   729 | D:2      | Found a faded altar of an unknown god.
  1831 | D:3      | HP: 2/26 [orc priest/+0 mace (8)]
  1832 | D:3      | Slain by an orc priest

Illustrated notes

Levels and vault maps discovered:
D:1:      lightli_arrival_isolated_outpost, layout_rooms
D:2:      layout_basic, ebering_ecumenical_altar_rust
D:3:      cheibrodos_greedy_goblins, layout_loops_ring, dk_yredelemnul_ordeal,
          zin_angel, serial_shops, nicolae_shop_stone,
          wander_ebering_terrifying_dragon_lair

Skill      XL: |  1  2  3 |
---------------+----------+-----
Ranged Weapons | 6 7 |  7.8
Fighting       | |  2.1
Dodging        | |  2.4
Stealth        | |  1.3

Action                     |  1- 3 |  4- 6 || total
---------------------------+-------+-------++-------
   Fire: Shortbow          |    95 |    59 ||   154
    Use: Scroll            |     1 |       ||     1
         Potion            |       |     1 ||     1
 Armour: Leather armour    |     8 |     2 ||    10
  Dodge: Dodged            |    42 |    20 ||    62

Table legend: (Time is in decaauts)
 A = Elapsed time spent in this place.
 B = Non-inter-level travel time spent in this place.
 C = Inter-level travel time spent in this place.
 D = Time resting spent in this place.
 E = Time spent auto-exploring this place.
 F = Levels seen in this place.
 G = Mean time per level.
                   A        B        C        D        E       F      G
               +--------+--------+--------+--------+--------+-----+--------+
         Total |   1874 |   1799 |     75 |     54 |   1476 |   3 |  624.7 |
       Dungeon |   1874 |   1799 |     75 |     54 |   1476 |   3 |  624.7 |
               +--------+--------+--------+--------+--------+-----+--------+

Top non-repeatable levels by time:
     D:2: 931 daAuts
     D:1: 672 daAuts
     D:3: 270 daAuts

Table legend:
 A = Kills in this place as a percentage of kills in entire the game.
 B = Kills by you in this place as a percentage of kills by you in the entire game.
 C = Kills by friends in this place as a percentage of kills by friends in the entire game.
 D = Other kills in this place as a percentage of other kills in the entire game.
 E = Experience gained in this place as a percentage of experience gained in the entire game.
 F = Experience gained in this place divided by the number of levels of this place that you have seen.
                   A       B       C       D       E      F
               +-------+-------+-------+-------+-------+----------------------
         Total | 100.0 | 100.0 |   N/A |   N/A | 100.0 |  45.0
       Dungeon | 100.0 | 100.0 |   N/A |   N/A | 100.0 |  45.0
               +-------+-------+-------+-------+-------+----------------------
